3AAA
SCRANTON SUPERNOVAS @ WILMINGTON BAY HAWKS
05/21/2021
 
TOP OF THE 1ST
Scranton Supernovas batting - Pitching for Wilmington Bay Hawks : RHP Jim Unknown
Pitching: RHP Jim Unknown
Batting: RHB Jerome Wilson 0-0: Foul Ball, location: 2F
0-1: Ball
1-1: Ball
2-1: Ground out 5-3 (Groundball, 5S)
Batting: LHB Francisco Ortega 0-0: Ball
1-0: Ball
2-0: Swinging Strike
2-1: Ground out 4-3 (Groundball, 4M)
Batting: RHB Chris Teague 0-0: Ball
1-0: Foul Ball, location: 2F
1-1: Ball
2-1: Foul Ball, location: 2F
2-2: Foul Ball, location: 2F
2-2: Foul Ball, location: 2F
2-2: Fly out, F8 (Line Drive, 8LM)
Top of the 1st over - 0 run(s), 0 hit(s), 0 error(s), 0 left on base; Scranton 0 - Wilmington 0
BOTTOM OF THE 1ST
Wilmington Bay Hawks batting - Pitching for Scranton Supernovas : LHP Santiago Romo
Pitching: LHP Santiago Romo
Batting: LHB Steve Grimes 0-0: Ball
1-0: Ball
2-0: Foul Ball, location: 2F
2-1: Ball
3-1: Ground out 6-3 (Groundball, 6)
Batting: SHB Shawn Sánchez 0-0: Swinging Strike
0-1: Ball
1-1: Ball
2-1: Bunt for hit - play at first, batter safe!
Batting: RHB Randolph Davis 0-0: Swinging Strike
0-1: Ball
1-1: Swinging Strike
1-2: Foul Ball, location: 2F
1-2: Ball
2-2: Ball
3-2: SINGLE (Groundball, 13) (infield hit)
Shawn Sánchez to second
Pinch Runner at 1st Salvador Vidal:
Batting: RHB Jim Unknown 0-0: Ball
1-0: Ball
2-0: Called Strike
2-1: Grounds into double play, U6-3 (Groundball, 6)
Bottom of the 1st over - 0 run(s), 2 hit(s), 0 error(s), 1 left on base; Scranton 0 - Wilmington 0
TOP OF THE 2ND
Scranton Supernovas batting - Pitching for Wilmington Bay Hawks : RHP Jim Unknown
Now in RF: Salvador Vidal
Batting: RHB Dave Morris 0-0: Called Strike
0-1: Ball
1-1: Ground out 5-3 (Groundball, 56S)
Batting: RHB Lance Davis 0-0: Ball
1-0: Ball
2-0: Ball
3-0: Base on Balls
Batting: SHB Jesús Cabańe 0-0: Ball
1-0: Fly out, F9 (Flyball, 9LS)
Batting: RHB Jesús Rodríguez 0-0: Ground out 6-3 (Groundball, 6)
Top of the 2nd over - 0 run(s), 0 hit(s), 0 error(s), 1 left on base; Scranton 0 - Wilmington 0
BOTTOM OF THE 2ND
Wilmington Bay Hawks batting - Pitching for Scranton Supernovas : LHP Santiago Romo
Batting: LHB Denny Young 0-0: DOUBLE (Flyball, 8LXD)
Batting: LHB Nathan Santos 0-0: Called Strike
0-1: Called Strike
0-2: Foul Ball, location: 2F
0-2: SINGLE (Line Drive, 56D)
Denny Young to third
Batting: RHB Lane Rich 0-0: Foul Ball, location: 2F
0-1: Called Strike
0-2: Ball
1-2: Grounds into double play, 5-4-3 (Groundball, 56)
Denny Young scores
Batting: SHB José Martínez 0-0: Foul Ball, location: 2F
0-1: Foul Ball, location: 2F
0-2: Strikes out swinging
Bottom of the 2nd over - 1 run(s), 2 hit(s), 0 error(s), 0 left on base; Scranton 0 - Wilmington 1
TOP OF THE 3RD
Scranton Supernovas batting - Pitching for Wilmington Bay Hawks : RHP Jim Unknown
Batting: LHB Mark Evans 0-0: Ball
1-0: Fly out, F7 (Flyball, 7M)
Batting: RHB Ethan Stanford 0-0: Called Strike
0-1: Foul Ball, location: 2F
0-2: Ball
1-2: Ball
2-2: Strikes out swinging
Batting: RHB Jerome Wilson 0-0: Fly out, F8 (Flyball, 8LD)
Top of the 3rd over - 0 run(s), 0 hit(s), 0 error(s), 0 left on base; Scranton 0 - Wilmington 1
BOTTOM OF THE 3RD
Wilmington Bay Hawks batting - Pitching for Scranton Supernovas : LHP Santiago Romo
Batting: SHB Felipe González 0-0: Ball
1-0: Ground out 6-3 (Groundball, 6)
Batting: LHB Steve Grimes 0-0: Ball
1-0: Ball
2-0: Called Strike
2-1: Ball
3-1: Base on Balls
Batting: SHB Shawn Sánchez 0-0: Ball
1-0: Swinging Strike
1-1: Ball
2-1: Ball
3-1: Base on Balls
Steve Grimes to second
Batting: LHB Salvador Vidal 0-0: Ball
1-0: Called Strike
1-1: Ball
2-1: Ground out 4-3 (Groundball, 13)
Steve Grimes to third
Shawn Sánchez to second
Batting: RHB Jim Unknown 0-0: Ball
1-0: Foul Ball, location: 2F
1-1: Fly out, F9 (Flyball, 89M)
Bottom of the 3rd over - 0 run(s), 0 hit(s), 0 error(s), 2 left on base; Scranton 0 - Wilmington 1
TOP OF THE 4TH
Scranton Supernovas batting - Pitching for Wilmington Bay Hawks : RHP Jim Unknown
Batting: LHB Francisco Ortega 0-0: Called Strike
0-1: Called Strike
0-2: Strikes out swinging
Batting: RHB Chris Teague 0-0: Foul Ball, location: 2F
0-1: DOUBLE (Flyball, 78XD)
Batting: RHB Dave Morris 0-0: Ball
1-0: Foul Ball, location: 2F
1-1: Fly out, F6 (Popup, 7LS)
Batting: RHB Lance Davis 0-0: Called Strike
0-1: SINGLE (Line Drive, 8LS)
Chris Teague to third
Batting: SHB Jesús Cabańe 0-0: Fly out, F8 (Flyball, 8LXD)
Top of the 4th over - 0 run(s), 2 hit(s), 0 error(s), 2 left on base; Scranton 0 - Wilmington 1
BOTTOM OF THE 4TH
Wilmington Bay Hawks batting - Pitching for Scranton Supernovas : LHP Santiago Romo
Batting: LHB Denny Young 0-0: Foul Ball, location: 2F
0-1: Ball
1-1: Ball
2-1: Ball
3-1: Base on Balls
Batting: LHB Nathan Santos 0-0: Ball
1-0: SINGLE (Line Drive, 6M)
Denny Young to second
Batting: RHB Lane Rich 0-0: Ball
1-0: Called Strike
1-1: Ball
2-1: Ground out 5-3 (Groundball, 56S)
Denny Young to third
Nathan Santos to second
Batting: SHB José Martínez 0-0: Ball
1-0: Ball
2-0: Ball
3-0: Called Strike
3-1: Ground out 5-3 (Groundball, 56S)
Denny Young scores
Nathan Santos to third
Batting: SHB Felipe González 0-0: Ball
1-0: Ball
2-0: Called Strike
2-1: Foul Ball, location: 2F
2-2: Strikes out swinging
Bottom of the 4th over - 1 run(s), 1 hit(s), 0 error(s), 1 left on base; Scranton 0 - Wilmington 2
TOP OF THE 5TH
Scranton Supernovas batting - Pitching for Wilmington Bay Hawks : RHP Jim Unknown
Batting: RHB Jesús Rodríguez 0-0: Called Strike
0-1: Ball
1-1: Called Strike
1-2: Foul Ball, location: 2F
1-2: Ball
2-2: Ball
3-2: Foul Ball, location: 2F
3-2: Base on Balls
Batting: LHB Mark Evans 0-0: Ball
1-0: Swinging Strike
1-1: Ball
2-1: Ball
3-1: Ground out 4-3 (Groundball, 4M)
Jesús Rodríguez to second
Batting: RHB Ethan Stanford 0-0: Called Strike
0-1: Ball
1-1: Swinging Strike
1-2: Ball
2-2: Ball
3-2: Strikes out swinging
Batting: RHB Jerome Wilson 0-0: Ball
1-0: Ball
2-0: Foul Ball, location: 2F
2-1: Fly out, F7 (Flyball, 7LM)
Top of the 5th over - 0 run(s), 0 hit(s), 0 error(s), 1 left on base; Scranton 0 - Wilmington 2
BOTTOM OF THE 5TH
Wilmington Bay Hawks batting - Pitching for Scranton Supernovas : LHP Santiago Romo
Batting: LHB Steve Grimes 0-0: Foul Ball, location: 2F
0-1: Ball
1-1: Ball
2-1: SINGLE (Line Drive, 6D)
Batting: SHB Shawn Sánchez 0-0: Called Strike
0-1: Ball
1-1: Sac Bunt - play at first, batter OUT! 1-3
Steve Grimes to second
Batting: LHB Salvador Vidal 0-0: Intentional Walk
Batting: RHB Jim Unknown 0-0: Called Strike
0-1: Fly out, F9 (Flyball, 89M)
Batting: LHB Denny Young 0-0: Swinging Strike
0-1: Ball
1-1: SINGLE (Line Drive, 89S)
Steve Grimes to third
Salvador Vidal to second
Runner from 3rd tries for Home, SAFE, no throw or cutoff
Batting: LHB Nathan Santos 0-0: Ball
1-0: Ground out 1-3 (Groundball, 13)
Bottom of the 5th over - 1 run(s), 2 hit(s), 0 error(s), 2 left on base; Scranton 0 - Wilmington 3
TOP OF THE 6TH
Scranton Supernovas batting - Pitching for Wilmington Bay Hawks : RHP Jim Unknown
Batting: LHB Francisco Ortega 0-0: Fly out, F8 (Flyball, 8LM)
Batting: RHB Chris Teague 0-0: Fly out, F8 (Flyball, 8LD)
Batting: RHB Dave Morris 0-0: Ball
1-0: Fly out, F3 (Popup, 34S)
Top of the 6th over - 0 run(s), 0 hit(s), 0 error(s), 0 left on base; Scranton 0 - Wilmington 3
BOTTOM OF THE 6TH
Wilmington Bay Hawks batting - Pitching for Scranton Supernovas : LHP Santiago Romo
Batting: RHB Lane Rich 0-0: Called Strike
0-1: Ball
1-1: Foul Ball, location: 2F
1-2: Fly out, F9 (Flyball, 9M)
Batting: SHB José Martínez 0-0: Ball
1-0: Ball
2-0: SINGLE (Groundball, 56S) (infield hit)
Pitching: RHP Bob Meyer
Batting: SHB Felipe González 0-0: Ball
1-0: Ball
2-0: Called Strike
2-1: Foul Ball, location: 2F
2-2: Strikes out swinging
Batting: LHB Steve Grimes 0-0: Called Strike
0-1: Ball
1-1: Foul Ball, location: 2F
1-2: Strikes out swinging
Bottom of the 6th over - 0 run(s), 1 hit(s), 0 error(s), 1 left on base; Scranton 0 - Wilmington 3
TOP OF THE 7TH
Scranton Supernovas batting - Pitching for Wilmington Bay Hawks : RHP Jim Unknown
Batting: RHB Lance Davis 0-0: Called Strike
0-1: Foul Ball, location: 2F
0-2: Ball
1-2: Foul Ball, location: 2F
1-2: Strikes out swinging
Batting: SHB Jesús Cabańe 0-0: Ball
1-0: Ball
2-0: Fly out, F6 (Popup, 56)
Batting: RHB Jesús Rodríguez 0-0: Ball
1-0: Fly out, F9 (Flyball, 89M)
Top of the 7th over - 0 run(s), 0 hit(s), 0 error(s), 0 left on base; Scranton 0 - Wilmington 3
BOTTOM OF THE 7TH
Wilmington Bay Hawks batting - Pitching for Scranton Supernovas : RHP Bob Meyer
Batting: SHB Shawn Sánchez 0-0: Ball
1-0: Foul Ball, location: 2F
1-1: Reached on error, E3 (Groundball, 3L)
Batting: LHB Salvador Vidal 0-0: Ball
1-0: Ball
2-0: Ball
3-0: Called Strike
3-1: Base on Balls
Shawn Sánchez to second
Batting: RHB Jim Unknown 0-0: Swinging Strike
0-1: Fly out, F9 (Flyball, 9S)
Batting: LHB Denny Young 0-0: Called Strike
Salvador Vidal is caught stealing 2nd base
0-1: Ball
1-1: Foul Ball, location: 2F
1-2: Foul Ball, location: 2F
1-2: SINGLE (Line Drive, 78M)
Shawn Sánchez scores
Batting: LHB Nathan Santos 0-0: Ball
1-0: SINGLE (Line Drive, 8LS)
Denny Young to second
Batting: RHB Lane Rich 0-0: SINGLE (Line Drive, 9S)
Denny Young to third
Nathan Santos to second
Runner from 3rd tries for Home, SAFE, no throw or cutoff
Batting: SHB José Martínez 0-0: Ball
1-0: Ball
2-0: Called Strike
2-1: 3-RUN HOME RUN (Flyball, 9D), Distance : 378 ft
Pitching: RHP Bob Manning
Batting: SHB Felipe González 0-0: Foul Ball, location: 2F
0-1: Foul Ball, location: 2F
0-2: Ball
1-2: Ball
2-2: Ball
3-2: Ground out 5-3 (Groundball, 15S)
Bottom of the 7th over - 5 run(s), 4 hit(s), 1 error(s), 0 left on base; Scranton 0 - Wilmington 8
TOP OF THE 8TH
Scranton Supernovas batting - Pitching for Wilmington Bay Hawks : RHP Jim Unknown
Pinch Hitting: RHB Sergio Canales 0-0: Bunted foul
0-1: Called Strike
0-2: Ball
1-2: Ball
2-2: Fly out, F7 (Flyball, 78M)
Batting: RHB Ethan Stanford 0-0: Ball
1-0: Called Strike
1-1: Swinging Strike
1-2: Ball
2-2: Strikes out swinging
Batting: RHB Jerome Wilson 0-0: Fly out, F7 (Flyball, 78M)
Top of the 8th over - 0 run(s), 0 hit(s), 0 error(s), 0 left on base; Scranton 0 - Wilmington 8
BOTTOM OF THE 8TH
Wilmington Bay Hawks batting - Pitching for Scranton Supernovas : RHP Bob Manning
Now at 2B: Sergio Canales
Batting: LHB Steve Grimes 0-0: Ball
1-0: Called Strike
1-1: Ball
2-1: Called Strike
2-2: Foul Ball, location: 2F
2-2: Foul Ball, location: 2F
2-2: Ball
3-2: Base on Balls
Batting: SHB Shawn Sánchez 0-0: Sac Bunt - play at first, batter safe!
Steve Grimes to second
Batting: LHB Salvador Vidal 0-0: Ball
1-0: Swinging Strike
1-1: Swinging Strike
1-2: SINGLE (Groundball, 34D)
Steve Grimes to third
Shawn Sánchez to second
Runner from 3rd tries for Home, SAFE, no throw or cutoff
Batting: RHB Jim Unknown 0-0: Ball
1-0: Ball
Wild Pitch!
Shawn Sánchez to third
Salvador Vidal to second
2-0: Ball
3-0: Called Strike
3-1: Base on Balls
Batting: LHB Denny Young 0-0: Ball
1-0: Ball
2-0: Called Strike
2-1: Foul Ball, location: 2F
2-2: Strikes out swinging
Batting: LHB Nathan Santos 0-0: Ball
1-0: Called Strike
1-1: Called Strike
1-2: Foul Ball, location: 2F
1-2: Foul Ball, location: 2F
1-2: Foul Ball, location: 2F
1-2: GRAND SLAM HOME RUN (Flyball, 78XD), Distance : 394 ft
Pitching: LHP Felipe Gutiérrez
Batting: RHB Lane Rich 0-0: Ball
1-0: Ball
2-0: Ball
3-0: Called Strike
3-1: Base on Balls
Batting: SHB José Martínez 0-0: Ball
1-0: Fly out, F3 (Line Drive, 3)
Batting: SHB Felipe González 0-0: Swinging Strike
0-1: Swinging Strike
0-2: Fly out, F2 (Popup, 2LF)
Bottom of the 8th over - 5 run(s), 3 hit(s), 0 error(s), 1 left on base; Scranton 0 - Wilmington 13
TOP OF THE 9TH
Scranton Supernovas batting - Pitching for Wilmington Bay Hawks : RHP Jim Unknown
Batting: LHB Francisco Ortega 0-0: Ground out 4-3 (Groundball, 4)
Batting: RHB Chris Teague 0-0: Foul Ball, location: 2F
0-1: Foul Ball, location: 2F
0-2: SINGLE (Line Drive, 78S)
Batting: RHB Dave Morris 0-0: Foul Ball, location: 2F
0-1: Ball
1-1: Hit by Pitch
Chris Teague to second
Batting: RHB Lance Davis 0-0: Swinging Strike
0-1: Called Strike
0-2: Strikes out swinging
Batting: SHB Jesús Cabańe 0-0: Ball
1-0: Foul Ball, location: 2F
1-1: Ball
2-1: Ball
3-1: Fielders Choice at 2nd, U4 (Groundball, 4M)
Top of the 9th over - 0 run(s), 1 hit(s), 0 error(s), 2 left on base; Scranton 0 - Wilmington 13
This league is powered by Out of the Park Baseball, the baseball management simulation game for PC, Mac and Linux
Friday, January 22nd, 2016 - OOTP Baseball 16.9 Build 39